AoeStats
← back

Arabia

504040701Analyzed
1v1 RM · 14h ago on Sep 3, 2026· 47m 19s· 2 players
Game mode
Random Map
Map size
Tiny (2 player)
Population
200
Speed
Normal
Resources
Standard
Victory
Conquest
Starting age
Dark Age
Ending age
Imperial Age
RankedLock teamsTeams togetherTeam positionsShared explorationLock speedFull tech treeHidden civsTurbo modeCheats
Victory
Defeat
🇨🇦 Teutons · Canada
1464
+13
🇨🇳 Hindustanis · China
1409
-13
桃君223
6:14 Loom
8:42 Feudal Age
9:35 Double-Bit Axe
21:20 Castle Age
20:22 Scale Barding Armor
21:13 Bloodlines
21:32 Forging
28:22 Horse Collar
29:08 Gold Mining
30:32 Chain Barding Armor
40:08 Wheelbarrow
Hanzbro
6:20 Loom
9:36 Feudal Age
10:39 Double-Bit Axe
10:26 Man-at-Arms
13:22 Horse Collar
14:33 Fletching
21:23 Castle Age
20:49 Scale Barding Armor
20:37 Gold Mining
21:52 Bloodlines
23:39 Forging
27:19 Bow Saw
27:11 Heavy Plow
27:23 Crossbowman
29:03 Sanctity
28:53 Fervor
29:41 Bodkin Arrow
31:02 Ballistics
34:23 Wheelbarrow
37:26 Hand Cart
38:41 Iron Casting
40:15 Town Watch
42:07 Chain Barding Armor
43:24 Stone Mining
46:37 Imperial Age
44:51 Town Patrol
45:38 Padded Archer Armor
46:35 Stone Shaft Mining
47:34 Scale Mail Armor
48:12 Conscription
Connection lost

Rejoining the realm…

Still unreachable

The connection could not be restored.

Session expired

The server has moved on; the page needs a fresh start.